Map: 16-Bit LE

Players

Chucko - Winner!

  • Race: Zerg Zerg
  • League: Diamond
  • Spawn Location: 7:00

Marzbar

  • Race: Zerg Zerg
  • League: Diamond
  • Spawn Location: 1:00

VOD

Have the link to the VOD?

Description

Time

  • Played on: June 13, 2018, 11:32 p.m.
  • Length: 10:52
Show
View Real Time Build Order
Export as new Build Order

Chucko Zerg - Winner!

Build Orders: Hatch First, Zergling Baneling 

Get SALT Encoding   

  12  0:02  Drone  
  13  0:12  Overlord  
  13  0:19  Drone  
  14  0:31  Drone  
  14  0:32  Drone  
  14  0:35  Drone  
  17  0:55  Hatchery  
  17  0:57  Drone  
  17  1:00  Drone  
  18  1:05  Extractor  
  17  1:18  Spawning Pool  
  17  1:20  Drone  
  17  1:22  Drone  
  18  1:29  Drone  
  19  1:43  Overlord  
  19  2:05  Metabolic Boost  
  19  2:06  Queen  
  19  2:07  Queen  
  23  2:10  Drone x2  
  23  2:14  Drone  
  26  2:18  Zergling x2  
  27  2:25  Baneling Nest  
  27  2:26  Zergling x2  
  27  2:30  Zergling x2  
  27  2:36  Zergling x4  
  30  2:52  Zergling x6  
  30  2:57  Zergling x2  
  34  3:12  Zergling x4  
  36  3:14  Overlord  
  36  3:32  Drone x5  
  36  3:33  Drone x2  
  43  3:39  Queen  
  43  3:40  Roach Warren  
  44  3:43  Baneling  
  44  3:44  Baneling x2  
  43  4:18  Hatchery  
  36  4:40  Roach x3  
  36  4:41  Overlord x3  
  42  4:51  Baneling x4  
  42  4:57  Baneling x2  
  42  4:59  Overlord  
  42  5:00  Drone x2  
  43  5:15  Roach  
  43  5:16  Roach x5  
  43  5:17  Overlord x2  
  43  5:21  Extractor  
  54  5:27  Roach  
  56  5:30  Drone x2  
  58  5:35  Queen  
  60  5:43  Baneling  
  60  5:44  Roach  
  60  5:47  Drone x2  
  60  5:48  Drone  
  60  5:49  Drone  
  66  5:51  Drone x3  
  68  6:07  Extractor  
  68  6:08  Extractor  
  66  6:20  Drone x2  
  66  6:21  Drone x7  
  75  6:31  Roach x2  
  77  6:42  Drone x3  
  80  7:00  Extractor  
  79  7:02  Extractor  
  79  7:04  Drone  
  79  7:05  Drone x6  
  85  7:08  Drone  
  85  7:14  Lair  
  86  7:25  Roach  
  86  7:26  Roach x5  
  86  7:29  Roach  
  98  7:30  Overlord x2  
  98  7:31  Overlord  
  96  7:52  Roach  
  96  7:53  Roach x9  
  116  8:04  Drone  
  116  8:05  Drone x5  
  122  8:20  Hydralisk Den  
  121  8:30  Overlord  
  121  8:31  Overlord x4  
  121  8:44  Glial Reconstitution  
  121  8:50  Hydralisk  
  121  8:51  Hydralisk x12  
  145  8:56  Grooved Spines  
  145  9:06  Hydralisk x7  
  156  9:19  Overlord x3  
  156  9:20  Overlord  
  156  9:34  Evolution Chamber  
  156  9:35  Evolution Chamber  
  154  9:48  Lurker Den  
  154  9:49  Overlord x3  
  153  9:55  Hatchery  
  153  9:59  Drone x3  
  155  10:00  Drone  
  155  10:03  Overseer x2  
  155  10:04  Pneumatized Carapace  
  156  10:14  Hatchery  
  153  10:27  Spore Crawler x2  
  143  10:28  Spore Crawler  
  143  10:30  Spore Crawler  
  143  10:32  Spore Crawler x2  
  143  10:33  Spore Crawler  
Show
View Real Time Build Order
Export as new Build Order

Marzbar Zerg 

Build Orders: Hatch First, Zergling Baneling 

Get SALT Encoding   

  12  0:02  Drone  
  13  0:12  Overlord  
  13  0:18  Drone  
  14  0:31  Drone x2  
  16  0:40  Drone  
  17  0:54  Hatchery  
  16  0:59  Drone  
  16  1:00  Drone  
  16  1:03  Extractor  
  17  1:17  Spawning Pool  
  16  1:20  Drone  
  16  1:24  Drone  
  18  1:28  Drone  
  19  1:38  Overlord  
  19  1:52  Drone  
  20  2:04  Queen  
  20  2:05  Queen  
  20  2:06  Zergling x4  
  26  2:11  Drone  
  27  2:16  Drone  
  27  2:21  Drone  
  29  2:31  Drone  
  30  2:38  Zergling x4  
  32  2:48  Zergling x2  
  33  3:00  Overlord  
  33  3:01  Zergling x4  
  35  3:06  Baneling Nest  
  35  3:10  Metabolic Boost  
  33  3:16  Zergling x4  
  33  3:17  Overlord  
  33  3:18  Overlord  
  33  3:19  Zergling x2  
  37  3:20  Zergling x6  
  37  3:22  Drone  
  38  3:50  Baneling x4  
  38  3:51  Drone x5  
  38  3:52  Drone x5  
  47  4:38  Drone x6  
  52  4:51  Extractor  
  52  4:52  Extractor, Queen  
  52  4:53  Extractor  
  52  4:55  Hatchery, Queen  
  52  4:58  Baneling x2  
  52  4:59  Baneling x2  
  52  5:04  Hatchery  
  51  5:08  Zergling x4  
  51  5:18  Overlord x2  
  51  5:33  Overlord x3  
  51  5:50  Drone x2  
  51  5:51  Drone x2  
  51  5:52  Zergling x4  
  57  6:01  Zergling x6  
  53  6:11  Spine Crawler x2  
  52  6:13  Spine Crawler, Roach Warren  
  52  6:14  Spine Crawler  
  52  6:17  Zergling x10  
  52  6:18  Zergling x4  
  46  6:43  Drone  
  47  6:53  Roach x13  
  73  6:58  Roach  
  73  7:01  Lair  
  75  7:02  Drone x2  
  77  7:13  Overlord x2  
  77  7:14  Roach  
  76  7:23  Drone x3  
  77  7:30  Drone x6  
  83  7:44  Drone  
  84  7:53  Hatchery  
  83  8:12  Glial Reconstitution  
  83  8:19  Evolution Chamber  
  82  8:23  Spire  
  81  8:30  Roach x10  
  81  8:31  Roach x2  
  105  8:43  Drone  
  105  8:45  Overlord x3  
  102  9:17  Overlord x2  
  96  9:20  Drone x2  
  96  9:21  Drone x4  
  96  9:27  Overlord  
  96  9:37  Mutalisk  
  96  9:38  Mutalisk x2  
  98  9:40  Mutalisk  
  98  9:43  Mutalisk  
  106  9:51  Mutalisk  
  106  9:52  Mutalisk x4  
  116  10:04  Mutalisk x3  
  122  10:10  Drone x7  
Tags
 
Add a new tag
Caveats
  • Supply blocks, unpowered buildings, or Contaminate may cause inaccurate times.
  • Supply counts are checked every 10 seconds.